Senators vs Sasquatch
(R2)
Created - January 9, 2019 at 19:04
Goals
|
Senators |
0 |
2 |
1 |
3 |
Sasquatch |
2 |
3 |
0 |
5 |
|
Shots
|
Senators |
14 |
15 |
7 |
36 |
Sasquatch |
3 |
20 |
6 |
29 |
|
1st period
1. Sasquatch , Jesper Fast 14 (Jeff Skinner 18, Martin Marincin 14) at 3:05
2. Sasquatch , Jeff Skinner 22 (Brett Pesce 2, Drew Shore 27) at 8:49
Penalties :
Jesper Fast (Gat) for Hooking (Minor) at 12:50, Teemu Hartikainen (Gat) for Delaying the game (Minor) at 18:26
2nd period
3. Sasquatch , Teemu Hartikainen 9 (Matt Halischuk 28, Jeff Skinner 19) at 3:43
4. Senators , Samuel Morin 2 (Nick Foligno 20, Tommy Wingels 23) at 3:51
5. Sasquatch , Jesper Fast 15 (Jeff Skinner 20, Slava Voynov 17) at 10:22
6. Sasquatch , Jesper Fast 16 (Drew Shore 28) at 14:16
7. Senators , Stephane Da Costa 25 (Arturs Kulda 18, Gabriel Bourque 37) at 14:56 (PP)
Penalties :
Brock Trotter (Gat) for Hooking (Minor) at 11:16, Jesper Fast (Gat) for High sticking (Minor) at 14:44, Matt Halischuk (Gat) for Interference (Minor) at 15:24
3rd period
8. Senators , Nick Foligno 16 (Sebastian Wannstrom 7, Tommy Wingels 24) at 11:41
Penalties :
Teemu Hartikainen (Gat) for Hooking (Minor) at 3:11, Jesper Fast (Gat) for Roughing (Minor) at 6:31, Teemu Hartikainen (Gat) for Roughing (Minor) at 14:52, Slava Voynov (Gat) for Hooking (Minor) at 19:19
Goalie Stats
Ben Bishop (BIN), 11 saves from 15 shots - (0.733), L, 7-11-0, 30:22 minutes
Brad Thiessen (BIN), 13 saves from 14 shots - (0.929), 29:38 minutes
Joonas Korpisalo (Gat), 33 saves from 36 shots - (0.917), W, 9-6-1, 60:00 minutes
Players Stats for Senators
Player Name G A P +/- PIM S H SB GA TA FO MP PP MP PK MP
------------------------------------------------------------------------------------
Andy Andreoff 0 0 0 -1 0 1 0 0 3 0 0/0 8:58 0:41 0:00
Arturs Kulda 0 1 1 -1 0 3 1 1 1 0 0/0 24:50 7:27 0:00
Blake Coleman 0 0 0 0 0 0 0 0 0 0 0/0 0:44 0:44 0:00
Brett Bulmer 0 0 0 -1 0 0 0 0 1 0 0/0 8:17 0:00 0:00
Chandler Stephenson 0 0 0 -1 0 4 1 0 0 0 3/4 8:17 0:00 0:00
Dylan Blujus 0 0 0 -2 0 1 0 0 0 1 0/0 10:51 0:53 0:00
Gabriel Bourque 0 1 1 0 0 2 3 1 3 0 0/1 20:54 7:01 0:00
Grant Besse 0 0 0 -2 0 1 0 0 0 0 1/1 13:05 0:43 0:00
Ian Cole 0 0 0 -2 0 3 1 2 1 1 0/0 27:03 7:27 0:00
Johannes Salmonsson 0 0 0 -2 0 2 1 0 0 0 0/0 12:31 0:09 0:00
Keegan Lowe 0 0 0 -2 0 1 0 0 0 1 0/0 9:51 0:00 0:00
Mason Geertsen 0 0 0 -1 0 0 1 0 0 0 0/0 3:45 0:53 0:00
Matt Frattin 0 0 0 0 0 1 1 0 1 0 0/0 20:54 7:01 0:00
Nick Foligno 1 1 2 0 0 3 2 1 1 0 0/0 17:20 6:37 0:00
Olli Maatta 0 0 0 1 0 2 2 3 0 0 0/0 21:50 6:25 0:00
Phil Di Giuseppe 0 0 0 0 0 0 0 0 0 0 0/0 0:46 0:46 0:00
Samuel Morin 1 0 1 1 0 1 1 1 1 0 0/0 21:50 6:25 0:00
Sebastian Wannstrom 0 1 1 0 0 0 1 0 0 0 0/0 17:24 6:41 0:00
Stephane Da Costa 1 0 1 0 0 7 0 0 1 0 17/32 21:04 7:11 0:00
Tomas Jurco 0 0 0 0 0 0 0 0 0 0 0/0 0:00 0:00 0:00
Tommy Wingels 0 2 2 0 0 2 3 0 1 0 6/9 17:20 6:37 0:00
Zemgus Girgensons 0 0 0 -2 0 2 0 0 0 0 3/10 12:26 0:04 0:00
Players Stats for Sasquatch
Player Name G A P +/- PIM S H SB GA TA FO MP PP MP PK MP
------------------------------------------------------------------------------------
Brett Pesce 0 1 1 1 0 0 0 0 0 1 0/0 11:48 0:00 0:15
Brock Trotter 0 0 0 -1 2 3 1 0 0 0 0/0 15:10 0:00 3:32
David Desharnais 0 0 0 0 0 1 0 0 0 0 3/4 7:36 0:00 0:06
Devin Shore 0 0 0 -1 0 1 1 0 0 1 6/6 12:38 0:00 0:28
Dougie Hamilton 0 0 0 -1 0 4 3 2 0 3 0/0 29:36 0:00 8:17
Drew Shore 0 2 2 3 0 6 3 0 0 1 14/33 22:47 0:00 8:13
Jeff Skinner 1 3 4 3 0 2 1 2 1 0 1/2 15:27 0:00 1:13
Jesper Fast 3 0 3 3 6 6 0 1 1 0 0/0 15:03 0:00 0:00
Martin Marincin 0 1 1 3 0 0 0 1 0 0 0/0 18:36 0:00 6:13
Matt Halischuk 0 1 1 1 2 1 0 0 0 1 0/0 10:59 0:00 0:00
Nicolas Deslauriers 0 0 0 0 0 1 2 3 0 1 0/0 16:10 0:00 7:39
Patrick Wey 0 0 0 -1 0 0 2 2 0 2 0/0 29:36 0:00 8:17
Petr Straka 0 0 0 -1 0 2 1 0 0 0 0/0 10:51 0:00 0:00
Ryan Pulock 0 0 0 1 0 0 0 0 0 0 0/0 11:48 0:00 0:15
Sergey Kalinin 0 0 0 1 0 1 0 0 0 0 3/10 16:45 0:00 5:58
Slava Voynov 0 1 1 3 2 0 1 0 0 3 0/0 18:35 0:00 6:13
Sven Andrighetto 0 0 0 0 0 0 0 0 0 0 0/1 7:30 0:00 0:00
Teemu Hartikainen 1 0 1 1 6 1 0 0 1 1 0/1 14:11 0:00 2:21
3 Stars
1 - Jeff Skinner (Gat)
2 - Jesper Fast (Gat)
3 - Drew Shore (Gat)
Power Play
Senators - 1 on 9 Attempt(s) - 11.11%
Sasquatch - 0 on 0 Attempt(s) - 0.00%
Penalty Kill
Senators - 0 on 0 Attempt(s) - 0.00%
- Score 0 goal in Penalty Kill
Sasquatch - 8 on 9 Attempt(s) - 88.89%
- Score 0 goal in Penalty Kill
Team Stat
Senators - Hits : 18 - Faceoff Wins : 30 - Blocked Shots : 9 - Penalty Minutes : 0
Sasquatch - Hits : 15 - Faceoff Wins : 27 - Blocked Shots : 11 - Penalty Minutes : 18
Official
Referees : Unknown
Linesman : Unknown
Game Notes
Brad Thiessen enters game at 10:22 of 2nd period
Jesper Fast has scored a Hat Trick!
Finance
Level 1 -- Attendance: 1326 (66.30%) -- Ticket Income $53,040
Level 2 -- Attendance: 766 (76.60%) -- Ticket Income $15,320
Total Attendance: 2092 (69.73%)
Total Ticket Income: $68,360
Other Income: $3,418
Total Income: $71,778
Senators
5 vs 5 Forward
Center Left Wing Right Wing Time % Phy DF OF
1 Stephane Da Costa Gabriel Bourque Matt Frattin 40 1 2 2
2 Tommy Wingels Nick Foligno Sebastian Wannstrom 30 1 2 2
3 Zemgus Girgensons Johannes Salmonsson Grant Besse 20 1 2 2
4 Chandler Stephenson Andy Andreoff Brett Bulmer 10 1 2 2
5 vs 5 Defense
Defense Defense Time % Phy DF OF
1 Ian Cole Arturs Kulda 40 1 2 2
2 Olli Maatta Samuel Morin 30 1 2 2
3 Dylan Blujus Keegan Lowe 20 1 2 2
4 Mason Geertsen Ian Cole 10 1 2 2
PowerPlay Forward
Center Left Wing Right Wing Time % Phy DF OF
1 Stephane Da Costa Gabriel Bourque Matt Frattin 60 1 2 2
2 Tommy Wingels Nick Foligno Sebastian Wannstrom 40 1 2 2
PowerPlay Defense
Defense Defense Time % Phy DF OF
1 Ian Cole Arturs Kulda 60 1 2 2
2 Olli Maatta Samuel Morin 40 1 2 2
Penalty Kill 4 Players Forward
Center Wing Time % Phy DF OF
1 Gabriel Bourque Stephane Da Costa 60 1 2 2
2 Nick Foligno Johannes Salmonsson 40 1 2 2
Penalty Kill 4 Players Defense
Defense Defense Time % Phy DF OF
1 Ian Cole Arturs Kulda 60 1 2 2
2 Olli Maatta Samuel Morin 40 1 2 2
Penalty Kill - 3 Players Forward
Forward Time % Phy DF OF
1 Gabriel Bourque 60 1 2 2
2 Stephane Da Costa 40 1 2 2
Penalty Kill - 3 Players Defense
Defense Defense Time % Phy DF OF
1 Ian Cole Arturs Kulda 60 1 2 2
2 Olli Maatta Samuel Morin 40 1 2 2
4 vs 4 Forward
Center Wing Time % Phy DF OF
1 Gabriel Bourque Stephane Da Costa 60 1 2 2
2 Nick Foligno Johannes Salmonsson 40 1 2 2
4 vs 4 Defense
Defense Defense Time % Phy DF OF
1 Ian Cole Arturs Kulda 60 1 2 2
2 Olli Maatta Samuel Morin 40 1 2 2
Last Minutes Offensive
Center Left Wing Right Wing Defense Defense
Stephane Da Costa Gabriel Bourque Matt Frattin Ian Cole Arturs Kulda
Last Minutes Defensive
Center Left Wing Right Wing Defense Defense
Stephane Da Costa Gabriel Bourque Matt Frattin Ian Cole Arturs Kulda
Goaltenders
Starting : Ben Bishop
Backup : Brad Thiessen
Extra Forwards
Normal : Phil Di Giuseppe, Blake Coleman, Andy Andreoff - PP : Phil Di Giuseppe, Blake Coleman - PK : Andy Andreoff
Extra Defensemen
Normal : Dylan Blujus, Keegan Lowe, Mason Geertsen - PP : Dylan Blujus - PK : Keegan Lowe, Mason Geertsen
Penalty Shots
Gabriel Bourque, Stephane Da Costa, Nick Foligno, Johannes Salmonsson, Tommy Wingels
Scratches
None
Sasquatch
5 vs 5 Forward
Center Left Wing Right Wing Time % Phy DF OF
1 Drew Shore Jeff Skinner Jesper Fast 40 1 2 2
2 Sergey Kalinin Teemu Hartikainen Matt Halischuk 30 1 2 2
3 Devin Shore Brock Trotter Petr Straka 20 1 2 2
4 David Desharnais Nicolas Deslauriers Sven Andrighetto 10 1 2 2
5 vs 5 Defense
Defense Defense Time % Phy DF OF
1 Patrick Wey Dougie Hamilton 40 1 2 2
2 Martin Marincin Slava Voynov 30 1 2 2
3 Brett Pesce Ryan Pulock 20 1 2 2
4 Patrick Wey Dougie Hamilton 10 1 2 2
PowerPlay Forward
Center Left Wing Right Wing Time % Phy DF OF
1 Drew Shore Jeff Skinner Matt Halischuk 60 1 2 2
2 Sergey Kalinin Brock Trotter Jesper Fast 40 1 2 2
PowerPlay Defense
Defense Defense Time % Phy DF OF
1 Patrick Wey Dougie Hamilton 60 1 2 2
2 Martin Marincin Slava Voynov 40 1 2 2
Penalty Kill 4 Players Forward
Center Wing Time % Phy DF OF
1 Drew Shore Nicolas Deslauriers 60 1 2 2
2 Sergey Kalinin Teemu Hartikainen 40 1 2 2
Penalty Kill 4 Players Defense
Defense Defense Time % Phy DF OF
1 Patrick Wey Dougie Hamilton 60 1 2 2
2 Martin Marincin Slava Voynov 40 1 2 2
Penalty Kill - 3 Players Forward
Forward Time % Phy DF OF
1 Drew Shore 60 1 2 2
2 Sergey Kalinin 40 1 2 2
Penalty Kill - 3 Players Defense
Defense Defense Time % Phy DF OF
1 Patrick Wey Dougie Hamilton 60 1 2 2
2 Martin Marincin Slava Voynov 40 1 2 2
4 vs 4 Forward
Center Wing Time % Phy DF OF
1 Drew Shore Jeff Skinner 60 1 2 2
2 Matt Halischuk Brock Trotter 40 1 2 2
4 vs 4 Defense
Defense Defense Time % Phy DF OF
1 Patrick Wey Dougie Hamilton 60 1 2 2
2 Martin Marincin Slava Voynov 40 1 2 2
Last Minutes Offensive
Center Left Wing Right Wing Defense Defense
Drew Shore Jeff Skinner Jesper Fast Patrick Wey Dougie Hamilton
Last Minutes Defensive
Center Left Wing Right Wing Defense Defense
Drew Shore Jeff Skinner Jesper Fast Patrick Wey Dougie Hamilton
Goaltenders
Starting : Joonas Korpisalo
Backup : Corey Crawford
Extra Forwards
Normal : Drew Shore, Teemu Hartikainen, Nicolas Deslauriers - PP : Drew Shore, Teemu Hartikainen - PK : Nicolas Deslauriers
Extra Defensemen
Normal : Brett Pesce, Ryan Pulock, Martin Marincin - PP : Brett Pesce - PK : Ryan Pulock, Martin Marincin
Penalty Shots
Jeff Skinner, Devin Shore, Petr Straka, Matt Halischuk, Brock Trotter
Scratches
Ryan Dzingel (Healthy), T.J. Tynan (Healthy), Ty Rattie (Healthy), Andrew Campbell (Sore Left Knee Injury), Cal Petersen (Healthy)
% Time on Ice - Senators
Lines # - Real PCT - Wanted PCT - Time Play
Normal Forward
1 - 32% - 40% - 14:16
2 - 24% - 30% - 10:43
3 - 26% - 20% - 11:59
4 - 18% - 10% - 8:17
Normal Defense
1 - 39% - 40% - 17:46
2 - 34% - 30% - 15:25
3 - 21% - 20% - 9:35
4 - 5% - 10% - 2:29
PP Forward
1 - 50% - 60% - 7:20
2 - 50% - 40% - 7:25
PP Defense
1 - 53% - 60% - 7:48
2 - 47% - 40% - 6:57
PK Forward
1 - 0% - 60%
2 - 0% - 40%
PK Defense
1 - 0% - 60%
2 - 0% - 40%
PK3 Forward
1 - 0% - 60%
2 - 0% - 40%
PK3 Defense
1 - 0% - 60%
2 - 0% - 40%
44 Forward
1 - 0% - 60%
2 - 0% - 40%
44 Defense
1 - 0% - 60%
2 - 0% - 40%
Last Minute Offensive - 0:00
Last Minute Defensive - 0:00
Total
Forward - 60:00
Defense - 60:00
|
% Time on Ice - Sasquatch
Lines # - Real PCT - Wanted PCT - Time Play
Normal Forward
1 - 35% - 40% - 15:53
2 - 24% - 30% - 11:01
3 - 24% - 20% - 10:51
4 - 17% - 10% - 7:30
Normal Defense
1 - 41% - 40% - 18:42
2 - 27% - 30% - 12:23
3 - 24% - 20% - 11:04
4 - 7% - 10% - 3:06
PP Forward
1 - 0% - 60%
2 - 0% - 40%
PP Defense
1 - 0% - 60%
2 - 0% - 40%
PK Forward
1 - 69% - 60% - 10:10
2 - 31% - 40% - 4:35
PK Defense
1 - 58% - 60% - 8:32
2 - 42% - 40% - 6:13
PK3 Forward
1 - 0% - 60%
2 - 0% - 40%
PK3 Defense
1 - 0% - 60%
2 - 0% - 40%
44 Forward
1 - 0% - 60%
2 - 0% - 40%
44 Defense
1 - 0% - 60%
2 - 0% - 40%
Last Minute Offensive - 0:00
Last Minute Defensive - 0:00
Total
Forward - 60:00
Defense - 60:00
|
Play-by-Play
1st period
0:01 of 1st period - Drew Shore wins face-off versus Stephane Da Costa in neutral zone.
0:55 of 1st period - Slapshot by Ian Cole.
0:55 of 1st period - Stopped by Joonas Korpisalo without a rebound.
0:56 of 1st period - Chandler Stephenson wins face-off versus David Desharnais in Sasquatch zone.
1:01 of 1st period - Slapshot by Andy Andreoff.
1:01 of 1st period - Deflect By Chandler Stephenson.
1:01 of 1st period - Stopped by Joonas Korpisalo with a rebound.
1:42 of 1st period - Dougie Hamilton is hit by Tommy Wingels.
3:05 of 1st period - Snap shot by Jesper Fast.
3:05 of 1st period - Goal by Jesper Fast - Senators : 0 - Sasquatch : 1.
3:06 of 1st period - Drew Shore wins face-off versus Stephane Da Costa in neutral zone.
3:09 of 1st period - Wrist shot by Jeff Skinner.
3:09 of 1st period - Shot Misses the Net.
3:57 of 1st period - Wrist shot by Johannes Salmonsson.
3:57 of 1st period - Stopped by Joonas Korpisalo without a rebound.
3:58 of 1st period - Zemgus Girgensons wins face-off versus Drew Shore in Sasquatch zone.
4:23 of 1st period - Matt Halischuk is hit by Matt Frattin and loses puck.
4:50 of 1st period - Wrist shot by Stephane Da Costa.
4:50 of 1st period - Shot Misses the Net.
5:35 of 1st period - Icing by Zemgus Girgensons.
5:36 of 1st period - Zemgus Girgensons wins face-off versus Sergey Kalinin in Senators zone.
6:08 of 1st period - Patrick Wey is hit by Johannes Salmonsson and loses puck.
6:27 of 1st period - Martin Marincin is hit by Tommy Wingels and loses puck.
6:46 of 1st period - Nicolas Deslauriers is hit by Mason Geertsen and loses puck.
7:46 of 1st period - Slapshot by Gabriel Bourque.
7:46 of 1st period - Stopped by Joonas Korpisalo without a rebound.
7:47 of 1st period - Stephane Da Costa wins face-off versus Drew Shore in Sasquatch zone.
8:12 of 1st period - Dougie Hamilton is hit by Chandler Stephenson and loses puck.
8:35 of 1st period - Snap shot by Drew Shore.
8:35 of 1st period - Shot Blocked by Ian Cole.
8:37 of 1st period - Snap shot by Jesper Fast.
8:37 of 1st period - Shot Blocked by Ian Cole.
8:45 of 1st period - Wrist shot by Jesper Fast.
8:45 of 1st period - Shot Misses the Net.
8:47 of 1st period - Snap shot by Drew Shore.
8:47 of 1st period - Shot Misses the Net.
8:49 of 1st period - Snap shot by Brett Pesce.
8:49 of 1st period - Deflect By Jeff Skinner.
8:49 of 1st period - Goal by Jeff Skinner - Senators : 0 - Sasquatch : 2.
8:50 of 1st period - Stephane Da Costa wins face-off versus Sergey Kalinin in neutral zone.
9:16 of 1st period - Tommy Wingels is hit by Patrick Wey and loses puck.
9:41 of 1st period - Wrist shot by Zemgus Girgensons.
9:41 of 1st period - Shot Misses the Net.
10:45 of 1st period - Slapshot by Brock Trotter.
10:45 of 1st period - Shot Hit the Post.
11:23 of 1st period - Wrist shot by Brock Trotter.
11:23 of 1st period - Stopped by Ben Bishop with a rebound.
11:41 of 1st period - Wrist shot by Gabriel Bourque.
11:41 of 1st period - Shot Blocked by Patrick Wey.
11:43 of 1st period - Wrist shot by Stephane Da Costa.
11:43 of 1st period - Stopped by Joonas Korpisalo with a rebound.
11:45 of 1st period - Slapshot by Arturs Kulda.
11:45 of 1st period - Shot Misses the Net.
11:47 of 1st period - Slapshot by Gabriel Bourque.
11:47 of 1st period - Shot Blocked by Dougie Hamilton.
11:49 of 1st period - Slapshot by Ian Cole.
11:49 of 1st period - Shot Misses the Net.
11:53 of 1st period - Snap shot by Stephane Da Costa.
11:53 of 1st period - Stopped by Joonas Korpisalo with a rebound.
11:55 of 1st period - Wrist shot by Gabriel Bourque.
11:55 of 1st period - Stopped by Joonas Korpisalo with a rebound.
11:57 of 1st period - Slapshot by Gabriel Bourque.
11:57 of 1st period - Shot Misses the Net.
12:31 of 1st period - Snap shot by Gabriel Bourque.
12:31 of 1st period - Deflect By Matt Frattin.
12:31 of 1st period - Shot Misses the Net.
12:31 of 1st period - Puck is out of play.
12:32 of 1st period - Tommy Wingels wins face-off versus Drew Shore in Sasquatch zone.
12:43 of 1st period - Wrist shot by Tommy Wingels.
12:43 of 1st period - Shot Misses the Net.
12:45 of 1st period - Slapshot by Olli Maatta.
12:45 of 1st period - Shot Blocked by Jesper Fast.
12:50 of 1st period - Minor Penalty to Jesper Fast for Hooking.
12:51 of 1st period - Tommy Wingels wins face-off versus Drew Shore in Sasquatch zone.
13:17 of 1st period - Slava Voynov is hit by Nick Foligno.
13:51 of 1st period - Grant Besse is hit by Nicolas Deslauriers and loses puck.
14:50 of 1st period - Penalty to Jesper Fast is over, Jesper Fast is back on ice.
15:18 of 1st period - Off-side.
15:19 of 1st period - Chandler Stephenson wins face-off versus Sergey Kalinin in neutral zone.
15:41 of 1st period - Sebastian Wannstrom is hit by Dougie Hamilton and loses puck.
16:05 of 1st period - Martin Marincin is hit by Gabriel Bourque and loses puck.
16:20 of 1st period - Andy Andreoff is hit by Slava Voynov and loses puck.
17:22 of 1st period - Slapshot by Ian Cole.
17:22 of 1st period - Shot Blocked by Martin Marincin.
17:36 of 1st period - Snap shot by Sergey Kalinin.
17:36 of 1st period - Shot Misses the Net.
17:56 of 1st period - Slapshot by Nick Foligno.
17:56 of 1st period - Stopped by Joonas Korpisalo with a rebound.
17:58 of 1st period - Snap shot by Nick Foligno.
17:58 of 1st period - Shot Blocked by Nicolas Deslauriers.
18:00 of 1st period - Snap shot by Tommy Wingels.
18:00 of 1st period - Stopped by Joonas Korpisalo with a rebound.
18:02 of 1st period - Snap shot by Tommy Wingels.
18:02 of 1st period - Shot Misses the Net.
18:04 of 1st period - Snap shot by Dylan Blujus.
18:04 of 1st period - Stopped by Joonas Korpisalo with a rebound.
18:06 of 1st period - Slapshot by Keegan Lowe.
18:06 of 1st period - Stopped by Joonas Korpisalo without a rebound.
18:07 of 1st period - Stephane Da Costa wins face-off versus Jeff Skinner in Sasquatch zone.
18:17 of 1st period - Slapshot by Olli Maatta.
18:17 of 1st period - Deflect By Drew Shore.
18:17 of 1st period - Stopped by Joonas Korpisalo without a rebound.
18:18 of 1st period - Zemgus Girgensons wins face-off versus Sergey Kalinin in Sasquatch zone.
18:21 of 1st period - Slapshot by Johannes Salmonsson.
18:21 of 1st period - Shot Misses the Net.
18:26 of 1st period - Minor Penalty to Teemu Hartikainen for Delaying the game.
18:27 of 1st period - Drew Shore wins face-off versus Stephane Da Costa in Sasquatch zone.
19:15 of 1st period - Wrist shot by Stephane Da Costa.
19:15 of 1st period - Stopped by Joonas Korpisalo with a rebound.
19:17 of 1st period - Snap shot by Matt Frattin.
19:17 of 1st period - Stopped by Joonas Korpisalo without a rebound.
19:18 of 1st period - Tommy Wingels wins face-off versus Drew Shore in Sasquatch zone.
Goals for this period are 0 for Senators vs 2 for Sasquatch.
Shots for this period are 14 for Senators vs 3 for Sasquatch.
2nd period
0:01 of 2nd period - Drew Shore wins face-off versus Gabriel Bourque in neutral zone.
0:04 of 2nd period - Stephane Da Costa is hit by Drew Shore and loses puck.
0:26 of 2nd period - Penalty to Teemu Hartikainen is over, Teemu Hartikainen is back on ice.
0:27 of 2nd period - Patrick Wey is hit by Arturs Kulda and loses puck.
0:48 of 2nd period - Backhand shot by Andy Andreoff.
0:48 of 2nd period - Shot Blocked by Nicolas Deslauriers.
1:08 of 2nd period - Wrist shot by Brock Trotter.
1:08 of 2nd period - Stopped by Ben Bishop with a rebound.
1:10 of 2nd period - Slapshot by Dougie Hamilton.
1:10 of 2nd period - Stopped by Ben Bishop without a rebound.
1:11 of 2nd period - Devin Shore wins face-off versus Zemgus Girgensons in Senators zone.
3:06 of 2nd period - Stephane Da Costa is hit by Patrick Wey.
3:13 of 2nd period - Icing by Teemu Hartikainen.
3:14 of 2nd period - David Desharnais wins face-off versus Zemgus Girgensons in Sasquatch zone.
3:23 of 2nd period - Snap shot by David Desharnais.
3:23 of 2nd period - Stopped by Ben Bishop with a rebound.
3:41 of 2nd period - Slapshot by Matt Halischuk.
3:41 of 2nd period - Stopped by Ben Bishop with a rebound.
3:43 of 2nd period - Wrist shot by Teemu Hartikainen.
3:43 of 2nd period - Goal by Teemu Hartikainen - Senators : 0 - Sasquatch : 3.
3:44 of 2nd period - Tommy Wingels wins face-off versus Drew Shore in neutral zone.
3:49 of 2nd period - Wrist shot by Nick Foligno.
3:49 of 2nd period - Stopped by Joonas Korpisalo with a rebound.
3:51 of 2nd period - Slapshot by Samuel Morin.
3:51 of 2nd period - Goal by Samuel Morin - Senators : 1 - Sasquatch : 3.
3:52 of 2nd period - Jeff Skinner wins face-off versus Stephane Da Costa in neutral zone.
3:57 of 2nd period - Snap shot by Jesper Fast.
3:57 of 2nd period - Deflect By Drew Shore.
3:57 of 2nd period - Shot Misses the Net.
3:57 of 2nd period - Puck is out of play.
3:58 of 2nd period - Stephane Da Costa wins face-off versus Drew Shore in Senators zone.
4:07 of 2nd period - Wrist shot by Jeff Skinner.
4:07 of 2nd period - Stopped by Ben Bishop without a rebound.
4:08 of 2nd period - Tommy Wingels wins face-off versus Drew Shore in Senators zone.
4:08 of 2nd period - Tommy Wingels is hit by Drew Shore.
4:18 of 2nd period - Slapshot by Arturs Kulda.
4:18 of 2nd period - Deflect By Drew Shore.
4:18 of 2nd period - Stopped by Joonas Korpisalo with a rebound.
4:20 of 2nd period - Snap shot by Tommy Wingels.
4:20 of 2nd period - Shot Misses the Net.
4:22 of 2nd period - Snap shot by Ian Cole.
4:22 of 2nd period - Stopped by Joonas Korpisalo without a rebound.
4:23 of 2nd period - Stephane Da Costa wins face-off versus Sergey Kalinin in Sasquatch zone.
5:13 of 2nd period - Snap shot by Drew Shore.
5:13 of 2nd period - Stopped by Ben Bishop with a rebound.
5:25 of 2nd period - Wrist shot by Jesper Fast.
5:25 of 2nd period - Shot Misses the Net.
5:27 of 2nd period - Slapshot by Patrick Wey.
5:27 of 2nd period - Deflect By Drew Shore.
5:27 of 2nd period - Stopped by Ben Bishop with a rebound.
5:29 of 2nd period - Snap shot by Jesper Fast.
5:29 of 2nd period - Stopped by Ben Bishop without a rebound.
5:30 of 2nd period - Sergey Kalinin wins face-off versus Zemgus Girgensons in Senators zone.
5:56 of 2nd period - Samuel Morin is hit by Devin Shore and loses puck.
6:01 of 2nd period - Slapshot by Petr Straka.
6:01 of 2nd period - Stopped by Ben Bishop without a rebound.
6:02 of 2nd period - Stephane Da Costa wins face-off versus Sven Andrighetto in Senators zone.
6:09 of 2nd period - Snap shot by Arturs Kulda.
6:09 of 2nd period - Shot Misses the Net.
6:17 of 2nd period - Snap shot by Sven Andrighetto.
6:17 of 2nd period - Shot Misses the Net.
6:29 of 2nd period - Matt Halischuk is hit by Ian Cole and loses puck.
8:36 of 2nd period - Snap shot by Petr Straka.
8:36 of 2nd period - Shot Blocked by Olli Maatta.
8:53 of 2nd period - Slapshot by Chandler Stephenson.
8:53 of 2nd period - Stopped by Joonas Korpisalo with a rebound.
8:55 of 2nd period - Slapshot by Samuel Morin.
8:55 of 2nd period - Shot Misses the Net.
8:57 of 2nd period - Snap shot by Chandler Stephenson.
8:57 of 2nd period - Stopped by Joonas Korpisalo with a rebound.
8:59 of 2nd period - Snap shot by Andy Andreoff.
8:59 of 2nd period - Deflect By Chandler Stephenson.
8:59 of 2nd period - Stopped by Joonas Korpisalo without a rebound.
9:00 of 2nd period - Stephane Da Costa wins face-off versus Drew Shore in Sasquatch zone.
9:03 of 2nd period - Snap shot by Matt Frattin.
9:03 of 2nd period - Shot Misses the Net.
9:11 of 2nd period - Snap shot by Gabriel Bourque.
9:11 of 2nd period - Shot Blocked by Jeff Skinner.
10:14 of 2nd period - Snap shot by Nicolas Deslauriers.
10:14 of 2nd period - Stopped by Ben Bishop without a rebound.
10:15 of 2nd period - Drew Shore wins face-off versus Tommy Wingels in Senators zone.
10:16 of 2nd period - Snap shot by Jesper Fast.
10:16 of 2nd period - Shot Misses the Net.
10:18 of 2nd period - Slapshot by Slava Voynov.
10:18 of 2nd period - Shot Blocked by Samuel Morin.
10:20 of 2nd period - Wrist shot by Jeff Skinner.
10:20 of 2nd period - Shot Misses the Net.
10:22 of 2nd period - Snap shot by Jesper Fast.
10:22 of 2nd period - Goal by Jesper Fast - Senators : 1 - Sasquatch : 4.
10:22 of 2nd period - Brad Thiessen enters game.
10:23 of 2nd period - Drew Shore wins face-off versus Stephane Da Costa in neutral zone.
11:16 of 2nd period - Minor Penalty to Brock Trotter for Hooking.
11:17 of 2nd period - Drew Shore wins face-off versus Stephane Da Costa in Sasquatch zone.
11:30 of 2nd period - Snap shot by Stephane Da Costa.
11:30 of 2nd period - Stopped by Joonas Korpisalo without a rebound.
11:31 of 2nd period - Drew Shore wins face-off versus Stephane Da Costa in Sasquatch zone.
13:16 of 2nd period - Penalty to Brock Trotter is over, Brock Trotter is back on ice.
13:20 of 2nd period - Samuel Morin is hit by Dougie Hamilton.
14:03 of 2nd period - Icing by Keegan Lowe.
14:04 of 2nd period - Chandler Stephenson wins face-off versus Drew Shore in Senators zone.
14:04 of 2nd period - Chandler Stephenson is hit by Drew Shore.
14:14 of 2nd period - Slapshot by Jesper Fast.
14:14 of 2nd period - Stopped by Brad Thiessen with a rebound.
14:16 of 2nd period - Snap shot by Jesper Fast.
14:16 of 2nd period - Goal by Jesper Fast - Senators : 1 - Sasquatch : 5.
14:17 of 2nd period - Drew Shore wins face-off versus Stephane Da Costa in neutral zone.
14:26 of 2nd period - Snap shot by Drew Shore.
14:26 of 2nd period - Stopped by Brad Thiessen without a rebound.
14:27 of 2nd period - Drew Shore wins face-off versus Stephane Da Costa in Senators zone.
14:44 of 2nd period - Minor Penalty to Jesper Fast for High sticking.
14:45 of 2nd period - Stephane Da Costa wins face-off versus Drew Shore in Sasquatch zone.
14:46 of 2nd period - Wrist shot by Gabriel Bourque.
14:46 of 2nd period - Shot Misses the Net.
14:48 of 2nd period - Snap shot by Arturs Kulda.
14:48 of 2nd period - Shot Misses the Net.
14:50 of 2nd period - Slapshot by Arturs Kulda.
14:50 of 2nd period - Stopped by Joonas Korpisalo with a rebound.
14:52 of 2nd period - Slapshot by Arturs Kulda.
14:52 of 2nd period - Stopped by Joonas Korpisalo with a rebound.
14:54 of 2nd period - Snap shot by Stephane Da Costa.
14:54 of 2nd period - Stopped by Joonas Korpisalo with a rebound.
14:56 of 2nd period - Snap shot by Stephane Da Costa.
14:56 of 2nd period - Goal by Stephane Da Costa - Senators : 2 - Sasquatch : 5.
14:57 of 2nd period - Stephane Da Costa wins face-off versus Drew Shore in neutral zone.
15:24 of 2nd period - Minor Penalty to Matt Halischuk for Interference.
15:25 of 2nd period - Stephane Da Costa wins face-off versus Drew Shore in Sasquatch zone.
15:38 of 2nd period - Wrist shot by Stephane Da Costa.
15:38 of 2nd period - Deflect By Dougie Hamilton.
15:38 of 2nd period - Stopped by Joonas Korpisalo with a rebound.
15:40 of 2nd period - Snap shot by Stephane Da Costa.
15:40 of 2nd period - Shot Blocked by Nicolas Deslauriers.
16:09 of 2nd period - Stephane Da Costa is hit by Nicolas Deslauriers.
17:24 of 2nd period - Penalty to Matt Halischuk is over, Matt Halischuk is back on ice.
17:41 of 2nd period - Snap shot by Grant Besse.
17:41 of 2nd period - Stopped by Joonas Korpisalo without a rebound.
17:42 of 2nd period - Devin Shore wins face-off versus Zemgus Girgensons in Sasquatch zone.
18:03 of 2nd period - Dylan Blujus is hit by Petr Straka and loses puck.
18:16 of 2nd period - Snap shot by Petr Straka.
18:16 of 2nd period - Stopped by Brad Thiessen without a rebound.
18:17 of 2nd period - Drew Shore wins face-off versus Stephane Da Costa in Senators zone.
18:26 of 2nd period - Snap shot by Drew Shore.
18:26 of 2nd period - Shot Misses the Net.
18:28 of 2nd period - Snap shot by Jesper Fast.
18:28 of 2nd period - Shot Blocked by Arturs Kulda.
18:30 of 2nd period - Slapshot by Drew Shore.
18:30 of 2nd period - Stopped by Brad Thiessen with a rebound.
18:32 of 2nd period - Wrist shot by Drew Shore.
18:32 of 2nd period - Shot Misses the Net.
19:01 of 2nd period - Slapshot by Ian Cole.
19:01 of 2nd period - Stopped by Joonas Korpisalo without a rebound.
19:02 of 2nd period - David Desharnais wins face-off versus Zemgus Girgensons in Sasquatch zone.
19:02 of 2nd period - David Desharnais is hit by Olli Maatta.
19:08 of 2nd period - Slapshot by Dougie Hamilton.
19:08 of 2nd period - Stopped by Brad Thiessen without a rebound.
19:09 of 2nd period - Stephane Da Costa wins face-off versus Drew Shore in Senators zone.
19:41 of 2nd period - Wrist shot by Dougie Hamilton.
19:41 of 2nd period - Stopped by Brad Thiessen with a rebound.
19:53 of 2nd period - Slapshot by Dougie Hamilton.
19:53 of 2nd period - Stopped by Brad Thiessen with a rebound.
19:55 of 2nd period - Wrist shot by Dougie Hamilton.
19:55 of 2nd period - Shot Misses the Net.
Goals for this period are 2 for Senators vs 3 for Sasquatch.
Shots for this period are 15 for Senators vs 20 for Sasquatch.
3rd period
0:01 of 3rd period - Sergey Kalinin wins face-off versus Stephane Da Costa in neutral zone.
0:40 of 3rd period - Slapshot by Jeff Skinner.
0:40 of 3rd period - Shot Blocked by Nick Foligno.
1:56 of 3rd period - Sebastian Wannstrom is hit by Jeff Skinner and loses puck.
2:25 of 3rd period - Wrist shot by Brock Trotter.
2:25 of 3rd period - Shot Hit the Post.
2:27 of 3rd period - Wrist shot by Devin Shore.
2:27 of 3rd period - Stopped by Brad Thiessen with a rebound.
2:47 of 3rd period - Slapshot by Andy Andreoff.
2:47 of 3rd period - Stopped by Joonas Korpisalo without a rebound.
2:48 of 3rd period - Drew Shore wins face-off versus Stephane Da Costa in Sasquatch zone.
3:01 of 3rd period - Snap shot by Jesper Fast.
3:01 of 3rd period - Stopped by Brad Thiessen with a rebound.
3:03 of 3rd period - Slapshot by Drew Shore.
3:03 of 3rd period - Stopped by Brad Thiessen without a rebound.
3:04 of 3rd period - Tommy Wingels wins face-off versus Sergey Kalinin in Senators zone.
3:08 of 3rd period - Off-side.
3:09 of 3rd period - Sergey Kalinin wins face-off versus Tommy Wingels in neutral zone.
3:11 of 3rd period - Minor Penalty to Teemu Hartikainen for Hooking.
3:12 of 3rd period - Stephane Da Costa wins face-off versus Drew Shore in Sasquatch zone.
3:28 of 3rd period - Nicolas Deslauriers is hit by Gabriel Bourque and loses puck.
3:46 of 3rd period - Dougie Hamilton is hit by Sebastian Wannstrom and loses puck.
4:13 of 3rd period - Martin Marincin is hit by Gabriel Bourque and loses puck.
5:11 of 3rd period - Penalty to Teemu Hartikainen is over, Teemu Hartikainen is back on ice.
6:31 of 3rd period - Minor Penalty to Jesper Fast for Roughing.
6:32 of 3rd period - Stephane Da Costa wins face-off versus Drew Shore in Sasquatch zone.
8:31 of 3rd period - Penalty to Jesper Fast is over, Jesper Fast is back on ice.
8:31 of 3rd period - Tommy Wingels is hit by Brock Trotter and loses puck.
8:54 of 3rd period - Slapshot by Jesper Fast.
8:54 of 3rd period - Shot Misses the Net.
9:08 of 3rd period - Slapshot by Dougie Hamilton.
9:08 of 3rd period - Deflect By Brock Trotter.
9:08 of 3rd period - Stopped by Brad Thiessen without a rebound.
9:09 of 3rd period - Grant Besse wins face-off versus Sergey Kalinin in Senators zone.
9:14 of 3rd period - Brett Pesce is hit by Samuel Morin and loses puck.
9:19 of 3rd period - Slapshot by Johannes Salmonsson.
9:19 of 3rd period - Stopped by Joonas Korpisalo with a rebound.
9:21 of 3rd period - Snap shot by Zemgus Girgensons.
9:21 of 3rd period - Stopped by Joonas Korpisalo without a rebound.
9:22 of 3rd period - Stephane Da Costa wins face-off versus Teemu Hartikainen in Sasquatch zone.
9:33 of 3rd period - Snap shot by Sergey Kalinin.
9:33 of 3rd period - Deflect By Matt Frattin.
9:33 of 3rd period - Stopped by Brad Thiessen without a rebound.
9:34 of 3rd period - Stephane Da Costa wins face-off versus Drew Shore in Senators zone.
11:25 of 3rd period - Snap shot by Brett Pesce.
11:25 of 3rd period - Shot Blocked by Gabriel Bourque.
11:27 of 3rd period - Slapshot by Jeff Skinner.
11:27 of 3rd period - Shot Blocked by Olli Maatta.
11:39 of 3rd period - Wrist shot by Nick Foligno.
11:39 of 3rd period - Deflect By Tommy Wingels.
11:39 of 3rd period - Stopped by Joonas Korpisalo with a rebound.
11:41 of 3rd period - Backhand shot by Sebastian Wannstrom.
11:41 of 3rd period - Deflect By Nick Foligno.
11:41 of 3rd period - Goal by Nick Foligno - Senators : 3 - Sasquatch : 5.
11:42 of 3rd period - Stephane Da Costa wins face-off versus Drew Shore in neutral zone.
11:51 of 3rd period - Wrist shot by Gabriel Bourque.
11:51 of 3rd period - Shot Blocked by Jeff Skinner.
13:45 of 3rd period - Icing by Brett Pesce.
13:46 of 3rd period - David Desharnais wins face-off versus Stephane Da Costa in Sasquatch zone.
14:52 of 3rd period - Minor Penalty to Teemu Hartikainen for Roughing.
14:53 of 3rd period - Stephane Da Costa wins face-off versus Drew Shore in Sasquatch zone.
15:26 of 3rd period - Dougie Hamilton is hit by Tommy Wingels.
15:36 of 3rd period - Slava Voynov is hit by Nick Foligno and loses puck.
16:03 of 3rd period - Arturs Kulda is hit by Dougie Hamilton and loses puck.
16:52 of 3rd period - Penalty to Teemu Hartikainen is over, Teemu Hartikainen is back on ice.
16:59 of 3rd period - Ryan Pulock is hit by Olli Maatta and loses puck.
17:16 of 3rd period - Icing by Teemu Hartikainen.
17:17 of 3rd period - Devin Shore wins face-off versus Chandler Stephenson in Sasquatch zone.
17:45 of 3rd period - Snap shot by Zemgus Girgensons.
17:45 of 3rd period - Stopped by Joonas Korpisalo without a rebound.
17:46 of 3rd period - Devin Shore wins face-off versus Stephane Da Costa in Sasquatch zone.
18:17 of 3rd period - Snap shot by Drew Shore.
18:17 of 3rd period - Stopped by Brad Thiessen without a rebound.
18:18 of 3rd period - Devin Shore wins face-off versus Zemgus Girgensons in Senators zone.
18:25 of 3rd period - Snap shot by Petr Straka.
18:25 of 3rd period - Shot Misses the Net.
18:52 of 3rd period - Icing by Zemgus Girgensons.
18:53 of 3rd period - Drew Shore wins face-off versus Zemgus Girgensons in Senators zone.
18:54 of 3rd period - Wrist shot by Jesper Fast.
18:54 of 3rd period - Shot Blocked by Olli Maatta.
19:10 of 3rd period - Snap shot by Johannes Salmonsson.
19:10 of 3rd period - Shot Misses the Net.
19:12 of 3rd period - Slapshot by Samuel Morin.
19:12 of 3rd period - Shot Blocked by Patrick Wey.
19:14 of 3rd period - Backhand shot by Samuel Morin.
19:14 of 3rd period - Shot Blocked by Dougie Hamilton.
19:16 of 3rd period - Wrist shot by Olli Maatta.
19:16 of 3rd period - Stopped by Joonas Korpisalo without a rebound.
19:17 of 3rd period - Devin Shore wins face-off versus Tommy Wingels in Sasquatch zone.
19:19 of 3rd period - Minor Penalty to Slava Voynov for Hooking.
19:20 of 3rd period - Drew Shore wins face-off versus Stephane Da Costa in Sasquatch zone.
Goals for this period are 1 for Senators vs 0 for Sasquatch.
Shots for this period are 7 for Senators vs 6 for Sasquatch.
Back to the Top